 Dungeon Sprint DCSS version 0.18.1-48-g4cf74bf (webtiles) character file.

277 tyranidshit the Fighter (level 6, -8/57 HPs)
             Began as a Demonspawn Abyssal Knight on Sept 10, 2016.
             Was a High Priest of Lugonu.
             Mangled by a skeletal warrior
             ... wielding a +0 glaive
              (24 damage)
             ... in the Dungeon (Sprint IX: "|||||||||||||||||||||||||||||").
             The game lasted 00:02:11 (152 turns).

tyranidshit the Fighter (Demonspawn Abyssal Knight)  Turns: 152, Time: 00:02:12

Health: -8/57      AC: 13    Str: 15    XL:     6   Next: 4%
Magic:  11/11      EV:  9    Int: 13    God:    Lugonu [*****.]
Gold:   0          SH:  0    Dex: 12    Spells: 0 memorised, 5 levels left

rFire  + . .     SeeInvis .     r - +3 war axe (freeze)
rCold  . . .     Gourm    .     n - +1 scale mail
rNeg   . . .     Faith    .     (no shield)
rPois  .         Spirit   .     (helmet restricted)
rElec  .         Dismiss  .     m - +0 cloak
rCorr  .         Reflect  .     q - +0 pair of gloves
SustAt .         Harm     .     (no boots)
MR     .....     NoTele   +     (no amulet)
Stlth  ..........               (no ring)
                                p - +2 ring of protection

@: not resistant to hostile enchantments, extremely unstealthy
A: hooves 1, horns 1, fire resistance 1, spiny 1
a: Bend Space, Banish, Corrupt, Renounce Religion


You were in the Dungeon.
You worshipped Lugonu.
Lugonu was extremely pleased with you.
You were not hungry.

You visited 1 branch

Inventory:

Hand Weapons
 a - a +1 hand axe
 r - a +3 war axe of freezing (weapon)
Armour
 b - a +0 leather armour
 m - a +0 cloak (worn)
 n - a +1 scale mail (worn)
 q - a +0 pair of gloves (worn)
Jewellery
 o - a +3 ring of intelligence
 p - a +2 ring of protection (left hand)
Wands
 l - a wand of iceblast (4/15)
Scrolls
 i - 2 scrolls of blinking
 j - 3 scrolls of remove curse
 k - 2 scrolls of amnesia
Potions
 d - 5 potions of curing
 e - 3 potions of heal wounds
 f - a potion of haste
 g - 4 potions of magic
 h - a potion of invisibility
Comestibles
 c - a bread ration


   Skills:
 + Level 8.5 Fighting
 + Level 5.5 Axes
 + Level 5.5 Armour
 - Level 0.8 Dodging
 - Level 7.3 Invocations


You had 5 spell levels left.
You didn't know any spells.

Dungeon Overview and Level Annotations

Branches:
Dungeon (1/1)

Altars:
Cheibriados
Dithmenos
Elyvilon
Fedhas
Gozag
Kikubaaqudgha
Makhleb
Nemelex Xobeh
Okawaru
Pakellas
Qazlal
Ru
Sif Muna
Trog
Vehumet
Xom
Yredelemnul
Zin
The Shining One
Beogh
Jiyva
Lugonu


Innate Abilities, Weirdness & Mutations

You have large cloven feet.
You have a pair of small horns on your head.
Your flesh is heat resistant.
You are partially covered in sharp spines.


Message History

The iceblast engulfs the skeletal warrior.
The skeletal warrior partially resists.
The skeletal warrior is moderately damaged.
The iceblast engulfs the cyclops.
The cyclops is moderately wounded.
This wand has 5 charges left.
The skeletal warrior hits you from afar with a glaive!
* * * LOW HITPOINT WARNING * * *
Evoke which item? (* to show all) (? for menu, Esc to quit)
Zapping:
l - a wand of iceblast (5/15)
Press: ? - help, Shift-Dir - straight line, f/p - cyclops
Aim: a cyclops (moderately wounded)
The mass of ice explodes!
The iceblast engulfs the skeletal warrior.
The skeletal warrior is moderately damaged.
The iceblast engulfs the cyclops.
The cyclops is severely wounded.
This wand has 4 charges left.
The skeletal warrior hits you from afar with a glaive!!
You die... ▓▓▓▓▓▓▓▓▓▓▓▓▓▓▓▓▓▓▓▓▓▓▓▓ '..|).....'.....@'zCuN5W ▓▓▓▓▓▓▓▓▓▓▓▓▓▓▓▓▓▓▓▓▓▓▓▓

You could see a red ugly thing, a skeletal warrior, a salamander, a cyclops, a wraith and a shadow imp.

Vanquished Creatures
  2 ice beasts (D)
  A crimson imp (D)
  A hound (D)
  An iguana (D)
  2 goblins (D)
  A hobgoblin (D)
  A jackal (D)
  A quokka (D)
  A ball python skeleton (D)
  A bat (D)
  2 giant cockroach zombies (D)
  A giant gecko skeleton (D)
  A kobold (D)
16 creatures vanquished.

Notes
Turn   | Place    | Note
--------------------------------------------------------------
     0 | D        | tyranidshit the Demonspawn Abyssal Knight began the quest for the Orb.
     0 | D        | Reached XP level 1. HP: 18/18 MP: 2/2
     9 | D        | Reached ** piety under Lugonu
    13 | D        | Reached *** piety under Lugonu
    19 | D        | Noticed a hound
    19 | D        | Noticed an iguana
    22 | D        | Killed a hound
    22 | D        | Reached skill level 5 in Fighting
    22 | D        | Gained mutation: You are partially covered in sharp spines. [demonic ancestry]
    22 | D        | Reached XP level 2. HP: 27/27 MP: 4/6
    22 | D        | Gained mutation: You have a pair of small horns on your head. [demonic ancestry]
    22 | D        | Reached XP level 3. HP: 33/33 MP: 4/7
    26 | D        | Reached skill level 6 in Fighting
    27 | D        | Reached **** piety under Lugonu
    36 | D        | Found a glowing silver altar of Zin.
    36 | D        | Found a glowing golden altar of the Shining One.
    36 | D        | Found an ancient bone altar of Kikubaaqudgha.
    36 | D        | Found a basalt altar of Yredelemnul.
    36 | D        | Found a shimmering altar of Xom.
    36 | D        | Found a radiant altar of Vehumet.
    37 | D        | Found an iron altar of Okawaru.
    38 | D        | Found a burning altar of Makhleb.
    39 | D        | Found a deep blue altar of Sif Muna.
    40 | D        | Found a bloodstained altar of Trog.
    41 | D        | Found a sparkling altar of Nemelex Xobeh.
    42 | D        | Found a white marble altar of Elyvilon.
    43 | D        | Found a roughly hewn altar of Beogh.
    44 | D        | Found a viscous altar of Jiyva.
    45 | D        | Found a corrupted altar of Lugonu.
    46 | D        | Found a blossoming altar of Fedhas.
    47 | D        | Found a snail-covered altar of Cheibriados.
    48 | D        | Found a shadowy altar of Dithmenos.
    49 | D        | Found a stormy altar of Qazlal.
    50 | D        | Found an opulent altar of Gozag.
    51 | D        | Found a sacrificial altar of Ru.
    52 | D        | Found an oddly glowing altar of Pakellas.
   114 | D        | Noticed an ice beast
   114 | D        | Noticed an ice beast
   119 | D        | Killed an ice beast
   119 | D        | Reached skill level 7 in Fighting
   119 | D        | Reached XP level 4. HP: 36/43 MP: 9/9
   119 | D        | Gained mutation: Your flesh is heat resistant. [demonic ancestry]
   119 | D        | Reached XP level 5. HP: 40/48 MP: 10/10
   121 | D        | Reached ***** piety under Lugonu
   131 | D        | Killed an ice beast
   131 | D        | Reached skill level 8 in Fighting
   131 | D        | Reached skill level 5 in Axes
   131 | D        | Reached skill level 5 in Armour
   132 | D        | Gained mutation: You have large cloven feet. [demonic ancestry]
   132 | D        | Reached XP level 6. HP: 33/57 MP: 11/11
   148 | D        | Noticed a skeletal warrior
   148 | D        | Noticed a cyclops
   148 | D        | Noticed a red ugly thing
   148 | D        | Noticed a salamander
   148 | D        | Noticed a wraith
   152 | D        | Mangled by a skeletal warrior

Skill      XL: |  1  2  3  4  5 |
---------------+----------------+-----
Invocations    | 6 7 |  7.3
Fighting       | 5 7 8 |  8.5
Axes           | 3 5 |  5.5
Armour         | 3 5 |  5.5
Dodging        | |  0.8

Action                   |  1- 3 |  4- 6 || total
-------------------------+-------+-------++-------
Melee: Hand axe          |    15 |       ||    15
       War axe           |     5 |    13 ||    18
       Headbutt          |     1 |     1 ||     2
Evoke: Wand              |       |     3 ||     3
  Use: Potion            |     1 |       ||     1
Armor: Leather armour    |     3 |       ||     3
       Scale mail        |     4 |     9 ||    13
Dodge: Dodged            |     3 |     1 ||     4
